 Dungeon Crawl Stone Soup version 0.28-a0-883-gc8d7bad45d (webtiles) character file.

Game seed: 11306541357567432349

1220 demibob the Carver (level 8, -12/58 HPs)
             Began as a Demonspawn Delver on Nov 21, 2021.
             Was a Believer of Makhleb.
             Killed by nerve-wracking pain
             ... invoked by Grinder
              (14 damage)
             ... on level 6 of the Dungeon.
             The game lasted 00:13:37 (6587 turns).

demibob the Carver (Demonspawn Delver)              Turns: 6587, Time: 00:13:38

Health: -12/58     AC:  6    Str: 13    XL:     8   Next: 23%
Magic:  8/8        EV: 12    Int: 15    God:    Makhleb [**....]
Gold:   143        SH:  4    Dex: 21    Spells: 6/7 levels left

rFire   + . .      SeeInvis +   a - +1 falchion
rCold   . . .      Faith    .   (no shield)
rNeg    . . .      Spirit   .   i - +2 leather armour {rF+}
rPois   .          Reflect  .   f - +0 helmet
rElec   .          Harm     .   (no cloak)
rCorr   .          Rampage  .   (no gloves)
Will    .....                   (no boots)
Stlth   +++.......              (no amulet)
HPRegen 0.19/turn               v - ring of see invisible
MPRegen 0.11/turn               D - +6 ring of dexterity

@: no status effects
A: claws 2, big brain 1, condensation shield
a: Renounce Religion, Minor Destruction


You were on level 6 of the Dungeon.
You worshipped Makhleb.
Makhleb was pleased with you.
You visited 1 branch of the dungeon, and saw 7 of its levels.

You collected 143 gold pieces.


Innate Abilities, Weirdness & Mutations

You have very sharp fingernails.
You have an unusually large brain. (Int +2)
A meltable shield of frost defends you. (SH +4)


   Skills:
 - Level 3.0 Fighting
 + Level 8.9 Long Blades
 + Level 1.8 Dodging
 - Level 4.5 Stealth
 - Level 2.4 Necromancy
 - Level 1.1 Invocations


You had 6 spell levels left.
You knew the following spells:

 Your Spells              Type           Power      Damage    Failure   Level
a - Animate Skeleton      Necr           14%        N/A       13%         1

Your spell library contained the following spells:

 Spells                   Type           Power      Damage    Failure   Level
 Pain                     Necr           28%        1d5       13%         1
 Vampiric Draining        Necr           7%         2d6       36%         3
 Ignite Poison            Fire/Tmut/Pois 0%         N/A       71%         3
 Mephitic Cloud           Conj/Pois/Air  0%         N/A       71%         3
 Freezing Cloud           Conj/Ice/Air   0%         6-21      100%        5

Inventory:

Hand Weapons
 a - a +1 falchion (weapon)
 l - a +2 dagger of pain
Missiles
 m - 3 curare-tipped darts (quivered) {=f}
Armour
 f - a +0 helmet (worn)
 i - a +2 leather armour of fire resistance (worn)
Jewellery
 v - a ring of see invisible (left claw)
 D - a +6 ring of dexterity (right claw)
 F - a ring of fire
 W - a ring of willpower
Wands
 g - a wand of digging (3)
Scrolls
 c - 2 scrolls of fog
 d - 2 scrolls of magic mapping
 e - 2 scrolls of identify {@r1}
Potions
 h - a potion of degeneration {unknown}
 j - a potion of invisibility

Dungeon Overview and Level Annotations

Branches:
Dungeon (7/15)
 Temple: D:4-7

Altars:
Ashenzari
Cheibriados
Elyvilon
Gozag
Makhleb
Okawaru
Ru
Uskayaw
Zin
The Shining One

Annotations:
D:5 Sigmund
D:6 Grinder

#.# #.# #.#..<...#..##.
#####<#####.#
#...####.#.....
#.........#.# ##.##
#.##.### #.###.###.#.#
#.# #.##.# # #.# #.#
#.#.# #.# ##.##.# # #.#
#.# #.#.## #.####...#.# #
#.#
#.###....###......(>..# #
#.#
#......#.......##...### #
#.#
#####(.5@####...##.######
#.# #.#..........#......#
#.# #.#######..(.####....
#.# #.# ##.#.# #.#..
#.#######.# #.#.# #.###
#.........# #.#.# #.# #
########### #.#.####.###
#.......#... ########.###


You could see Grinder.


Message History

You suddenly lose the ability to move!
Grinder blinks!
Grinder hits you but does no damage. Grinder barely misses you.
Grinder hits you.
* * * LOW HITPOINT WARNING * * *
You writhe in agony.
* * * LOW HITPOINT WARNING * * *
Grinder gestures at you.
You shrug off the repeated paralysis!
Grinder hits you!
* * * LOW HITPOINT WARNING * * *
You writhe in agony.
* * * LOW HITPOINT WARNING * * *
Grinder says, "Just stop there for a second..."
Grinder hits you but does no damage.
You can move again.
Unknown command.
You hit Grinder but do no damage.
Grinder is almost dead.
Grinder grins, showing sharp teeth.
Grinder gestures at you. Pain shoots through your body!
* * * LOW HITPOINT WARNING * * *
You hit Grinder.
Grinder is almost dead.
Grinder says, "Just stop there for a second..."
Grinder gestures at you. Pain shoots through your body!
You die...

Skill      XL: |  1  2  3  4  5  6  7 |
---------------+----------------------+-----
Long Blades    | 2 3 4 5 6 8 |  8.9
Necromancy     | 1 2 |  2.4
Invocations    | 1 |  1.1
Fighting       | |  3.0
Dodging        | |  1.8
Stealth        | |  4.5

Action                   |  1- 3 |  4- 6 |  7- 9 || total
-------------------------+-------+-------+-------++-------
Melee: Falchion          |   152 |   159 |   165 ||   476
Throw: Dart              |       |       |     1 ||     1
       Throwing net      |       |       |     1 ||     1
Invok: Minor Destruction |       |       |     1 ||     1
Evoke: Wand              |       |     2 |     2 ||     4
  Use: Scroll            |     4 |     3 |       ||     7
       Potion            |     2 |     2 |     3 ||     7
 Stab: Sleeping          |     7 |     2 |     2 ||    11
       Paralysed         |       |    12 |     3 ||    15
Armor: Leather armour    |    48 |    32 |    44 ||   124
       Skin              |    12 |       |       ||    12
Dodge: Dodged            |    81 |    87 |    91 ||   259
Block: Other             |    29 |    23 |    17 ||    69

Levels and vault maps discovered:
D:1:      lightli_arrival_chessboard, layout_loops_cross, minmay_cut_off
D:2:      layout_rooms, serial_forest, infiniplex_forest_clump_small,
          infiniplex_forest_lined_corner, infiniplex_forest_end_3,
          infiniplex_forest_straight_1, infiniplex_forest_clump_C,
          hellmonk_ecumenical_altar_blasted, minmay_lizard_pond
D:3:      layout_rooms, lemuel_doored_altar, okawaru_trees_1
D:4:      layout_cave_pools, ashenzari_altar_1,
          chequers_temple_overflow_statue_of_worship, kennysheep_mini_moat,
          kennysheep_mini, uniq_eustachio
D:5:      layout_rooms, mainiacjoe_overflow_brackets,
          chequers_serial_rivers_room_b, uniq_grinder, uniq_prince_ribbit1,
          uniq_blork_the_orc, uniq_sigmund
D:6:      layout_loops_ring, mainiacjoe_overflow_small_starburst,
          amcnicky_mini_rare_corridor_liquid, solitary_fountain,
          minmay_diced_spiral
D:7:      layout_rooms, minmay_temple_entry_statues_fountains, kennysheep_potato

Notes
Turn   | Place    | Note
-------+----------+-------------------------------------------
     0 | D:5      | demibob the Demonspawn Delver began the quest for the Orb.
     0 | D:5      | Reached XP level 1. HP: 18/18 MP: 1/1
    47 | D:4      | Found a snail-covered altar of Cheibriados.
    47 | D:4      | Found a sacrificial altar of Ru.
    47 | D:4      | Found a burning altar of Makhleb.
    63 | D:4      | Became a worshipper of Makhleb the Destroyer
    71 | D:4      | Noticed an iguana
    87 | D:5      | Noticed an ogre
    88 | D:5      | Noticed an ice beast
    94 | D:4      | Noticed Eustachio
   107 | D:3      | HP: 1/18 [poisoned by an adder]
   108 | D:3      | Reached skill level 2 in Long Blades
   108 | D:3      | Gained mutation: A meltable shield of frost defends you.
                  | (SH +4) [demonic ancestry]
   108 | D:3      | Reached XP level 2. HP: 2/24 MP: 2/2
   741 | D:1      | Reached skill level 3 in Long Blades
  1392 | D:2      | Found a faded altar of an unknown god.
  1425 | D:2      | Gained mutation: You have sharp fingernails. [demonic
                  | ancestry]
  1425 | D:2      | Reached XP level 3. HP: 29/29 MP: 3/3
  1469 | D:2      | Reached * piety under Makhleb
  2097 | D:2      | Gained mutation: You have an unusually large brain. (Int
                  | +2) [demonic ancestry]
  2097 | D:2      | Reached XP level 4. HP: 33/35 MP: 4/4
  2148 | D:2      | Reached skill level 4 in Long Blades
  2410 | D:2      | Learned a level 1 spell: Animate Skeleton
  2703 | D:2      | Reached skill level 1 in Necromancy
  3070 | D:3      | Reached XP level 5. HP: 41/41 MP: 5/5
  3284 | D:3      | Reached skill level 2 in Necromancy
  3467 | D:3      | Reached ** piety under Makhleb
  3470 | D:3      | Found an iron altar of Okawaru.
  4062 | D:3      | Reached skill level 1 in Invocations
  4459 | D:4      | Noticed a black bear
  4464 | D:4      | Noticed a phantom
  4473 | D:4      | Killed a black bear
  4474 | D:4      | Reached skill level 5 in Long Blades
  4474 | D:4      | Gained mutation: You have very sharp fingernails. [demonic
                  | ancestry]
  4474 | D:4      | Reached XP level 6. HP: 47/47 MP: 6/6
  4623 | D:4      | Killed Eustachio
  4624 | D:4      | Reached skill level 6 in Long Blades
  4624 | D:4      | Reached XP level 7. HP: 41/52 MP: 7/7
  4741 | D:4      | Found an opulent altar of Gozag.
  4819 | D:4      | Reached skill level 7 in Long Blades
  4974 | D:4      | Found a hide-covered altar of Uskayaw.
  4980 | D:4      | Found a broken altar of Ashenzari.
  5084 | D:5      | Noticed Sigmund
  5159 | D:5      | Noticed Grinder
  5624 | D:6      | Reached skill level 8 in Long Blades
  5653 | D:6      | Reached XP level 8. HP: 23/58 MP: 8/8
  6550 | D:6      | Paralysed by Grinder for 3 turns
  6567 | D:6      | Paralysed by Grinder for 5 turns
  6578 | D:6      | Paralysed by Grinder for 7 turns
  6584 | D:6      | HP: 5/58 [Grinder (1)]
  6586 | D:6      | HP: 2/58 [Grinder/nerve-wracking pain (4)]
  6587 | D:6      | Killed from afar by Grinder

Vanquished Creatures
  Eustachio (D:4)
  A sky beast (D:6)
  A necrophage (D:6)
  3 black bears
  2 ogres (D:6)
  A phantom (D:4)
  A howler monkey (D:6)
  A centaur skeleton (D:5)
  2 orc priests
  A hound (D:4)
  An iguana (D:3)
  An orc wizard (D:3)
  A killer bee zombie (D:6)
  7 adders
  A shadow imp (D:6)
  An ufetubus (D:6)
  2 adder skeletons (D:4)
  2 dart slugs
  12 orcs
  3 endoplasms
  6 giant cockroaches
  5 goblins
  3 hobgoblins
  3 jackals (D:2)
  8 kobolds
  2 quokkas
  4 ball pythons
  4 bats
  12 frilled lizards
  4 rats
96 creatures vanquished.

Vanquished Creatures (others)
  6 plants (D:2)
6 creatures vanquished.

Grand Total: 102 creatures vanquished

Table legend: (Time is in decaauts)
 A = Elapsed time spent in this place.
 B = Non-inter-level travel time spent in this place.
 C = Inter-level travel time spent in this place.
 D = Time resting spent in this place.
 E = Time spent auto-exploring this place.
 F = Levels seen in this place.
 G = Mean time per level.
                   A        B        C        D        E       F      G
               +--------+--------+--------+--------+--------+-----+--------+
         Total |   6597 |   6369 |    228 |   1950 |   3158 |   7 |  942.4 |
       Dungeon |   6597 |   6369 |    228 |   1950 |   3158 |   7 |  942.4 |
               +--------+--------+--------+--------+--------+-----+--------+

Top non-repeatable levels by time:
     D:3: 1677 daAuts
     D:2: 1623 daAuts
     D:6: 1364 daAuts
     D:4: 954 daAuts
     D:1: 865 daAuts
     D:5: 103 daAuts
     D:7: 7 daAuts

Table legend:
 A = Non-vault XP
 B = Vault XP
 C = Vault XP percentage of total XP
 D = Non-vault monster count
 E = Vault monster count
 F = Vault count percentage of total count
                 A         B        C        D         E       F
            +---------+---------+-------+---------+---------+-------
      Total |    1303 |     440 |  25.2 |      78 |      18 |  18.8
            +---------+---------+-------+---------+---------+-------
        D:1 |      15 |       6 |  28.6 |       9 |       3 |  25.0
        D:2 |      98 |      10 |   9.3 |      19 |      10 |  34.5
        D:3 |     175 |       0 |   0.0 |      24 |       0 |   0.0
        D:4 |     454 |     203 |  30.9 |      17 |       1 |   5.6
        D:5 |      43 |       0 |   0.0 |       1 |       0 |   0.0
        D:6 |     518 |     221 |  29.9 |       8 |       4 |  33.3
            +---------+---------+-------+---------+---------+-------
